 Dungeon Crawl Stone Soup version 0.24.0-125-gc4c63601f3 (webtiles) character file.

Game seed: 4813892271355709909, levelgen mode: deterministic

294 Frank2 the Cudgeler (level 6, -6/46 HPs)
             Began as a Demonspawn Gladiator on Feb 29, 2020.
             Mangled by Crazy Yiuf
             ... wielding a +3 quarterstaff of chaos
              (11 damage)
             ... on level 3 of the Dungeon.
             The game lasted 00:04:20 (2901 turns).

Frank2 the Cudgeler (Demonspawn Gladiator)          Turns: 2901, Time: 00:04:20

Health: -6/46      AC:  6    Str: 15    XL:     6   Next: 11%
Magic:  6/6        EV: 13    Int:  9    God:
Gold:   79         SH:  0    Dex: 18    Spells: 5/5 levels left

rFire    + + .     SeeInvis .   a - +0 flail
rCold    + . .     Gourm    .   (no shield)
rNeg     . . .     Faith    .   l - +0 ring mail
rPois    .         Spirit   .   c - +0 helmet
rElec    .         Reflect  .   q - scarf {rC+ rF+}
rCorr    .         Harm     .   (no gloves)
MR       .....                  (no boots)
Stlth    +.........             (no amulet)
HPRegen  0.15/turn              k - ring of protection from fire
MPRegen  0.10/turn              (no ring)

@: lethally poisoned (-6 -> -8), slowed, very slow
A: hooves 1, thin skeletal structure 1, blurry vision 1, rot immunity
a: no special abilities


You were on level 3 of the Dungeon.
You were hungry.

You visited 1 branch of the dungeon, and saw 3 of its levels.

You collected 79 gold pieces.

Inventory:

Hand Weapons
 a - a +0 flail (weapon)
Missiles
 d - 2 throwing nets (quivered)
Armour
 c - a +0 helmet (worn)
 l - a +0 ring mail (worn)
 q - a scarf of resistance (worn)
Jewellery
 k - a ring of protection from fire (left hand)
 p - an uncursed ring of protection from magic {unknown}
Scrolls
 b - 4 scrolls of identify
 e - 2 scrolls of teleportation
 g - 2 scrolls of remove curse
 m - a scroll of magic mapping
Potions
 h - a potion of flight {unknown}
 n - 2 potions of curing
Comestibles
 f - 7 rations


   Skills:
 + Level 2.9 Fighting
 + Level 4.7 Maces & Flails
 - Level 1.7 Throwing
 + Level 2.3 Armour
 + Level 3.5 Dodging


You had 5 spell levels left.
You didn't know any spells.
Your spell library was empty.

Dungeon Overview and Level Annotations

Branches:
Dungeon (3/15)

Altars:
Elyvilon
Hepliaklqana
Kikubaaqudgha

Annotations:
D:3 Crazy Yiuf


Innate Abilities, Weirdness & Mutations

You have large cloven feet.
You have a somewhat thin skeletal structure. (Dex +2, Stealth)
You are immune to rotting.
Scrolls take you a little longer to read.


Message History

Crazy Yiuf is caught in the net!
You feel sick.
Crazy Yiuf laughs, "Sif Muna!
Paint down poople."
Crazy Yiuf struggles against the net.
You hit Crazy Yiuf but do no damage. You kick Crazy Yiuf.
Crazy Yiuf is lightly wounded.
You feel sick.
Crazy Yiuf struggles against the net. x2
You hit Crazy Yiuf. You kick Crazy Yiuf.
Crazy Yiuf is moderately wounded.
You feel sick.
Crazy Yiuf struggles against the net.
You completely miss Crazy Yiuf. You kick Crazy Yiuf, but do no damage.
Crazy Yiuf is moderately wounded.
You feel sick.
Crazy Yiuf struggles against the net.
The net rips apart, and Crazy Yiuf comes free!
Crazy Yiuf hits you with a +3 quarterstaff of chaos!
* * * LOW HITPOINT WARNING * * *
You barely miss Crazy Yiuf. You kick Crazy Yiuf, but do no damage.
Crazy Yiuf is moderately wounded.
You feel sick.
Crazy Yiuf hits you with a +3 quarterstaff of chaos!
You die...

###.###########....##
#.##... ..).......(#
##..## #......
.##.######## ♣.PP.♣
####### ....# #####
♣♣PP.♣ ....# #...#
♣♣.♣♣ ###.# #...#
♣♣.♣ #.# #...# ♣.♣♣
###.####...# ♣♣.♣
.......#.<÷# ♣@♣♣
.......###.# #g#
.......# #.# ...
.......###.# #...#
.......##..# #)..#
.......##..# #####
.......##..#
#########..###### ##
#####.##.##.#


You could see Crazy Yiuf.

Vanquished Creatures
  Sigmund (D:3)
  An orc wizard (D:3)
  A worker ant (D:3)
  2 adders (D:3)
  A dart slug (D:1)
  A leopard gecko (D:3)
  5 orcs (D:3)
  4 giant cockroaches
  6 goblins
  11 hobgoblins
  3 jackals (D:2)
  8 bats
  5 frilled lizards
  8 kobolds
  7 rats
64 creatures vanquished.

Notes
Turn   | Place    | Note
-------+----------+-------------------------------------------
     0 | D:1      | Frank2 the Demonspawn Gladiator began the quest for the
                  | Orb.
     0 | D:1      | Reached XP level 1. HP: 16/16 MP: 1/1
   171 | D:1      | Gained mutation: You have large cloven feet. [demonic
                  | ancestry]
   171 | D:1      | Reached XP level 2. HP: 14/22 MP: 2/2
   178 | D:1      | Reached skill level 3 in Maces & Flails
   481 | D:1      | Reached XP level 3. HP: 20/27 MP: 3/3
  1095 | D:2      | Found a hazy altar of Hepliaklqana.
  1214 | D:2      | Found a faded altar of an unknown god.
  1287 | D:2      | Found a white marble altar of Elyvilon.
  1380 | D:2      | Found an ancient bone altar of Kikubaaqudgha.
  1881 | D:3      | Reached skill level 1 in Armour
  1881 | D:3      | Gained mutation: You are immune to rotting. [demonic
                  | ancestry]
  1881 | D:3      | Reached XP level 4. HP: 13/34 MP: 4/4
  2211 | D:3      | Noticed Sigmund
  2323 | D:2      | Gained mutation: You are clumsy. (Dex -2) [potion of
                  | mutation]
  2323 | D:2      | Gained mutation: Scrolls take you a little longer to read.
                  | [potion of mutation]
  2323 | D:2      | Lost mutation: You are clumsy. (Dex -2) [potion of
                  | mutation]
  2364 | D:3      | Killed Sigmund
  2364 | D:3      | Reached skill level 4 in Maces & Flails
  2364 | D:3      | Gained mutation: You have a somewhat thin skeletal
                  | structure. (Dex +2, Stealth) [demonic ancestry]
  2364 | D:3      | Reached XP level 5. HP: 39/39 MP: 5/5
  2481 | D:3      | Reached XP level 6. HP: 35/46 MP: 6/6
  2804 | D:3      | Found a runed translucent door.
  2805 | D:3      | Noticed Crazy Yiuf
  2901 | D:3      | Mangled by Crazy Yiuf

Levels and vault maps discovered:
D:1:      dpeg_arrival_tiny_h, layout_basic
D:2:      layout_basic, kiku_gazebo_garden_becter, elyvilon_altar_4,
          old_standard_altar, chequers_ecumenical_altar_twisty
D:3:      layout_loops_cross, first_ration, uniq_crazy_yiuf_cottage,
          uniq_sigmund

Skill      XL: |  1  2  3  4 |
---------------+-------------+-----
Maces & Flails | 3 4 |  4.7
Dodging        | 3 |  3.5
Armour         | 1 2 |  2.3
Fighting       | |  2.9
Throwing       | |  1.7

Action                   |  1- 3 |  4- 6 || total
-------------------------+-------+-------++-------
Melee: Flail             |   138 |    65 ||   203
       Kick              |    24 |    22 ||    46
Throw: Throwing net      |       |     1 ||     1
  Use: Potion            |     1 |     5 ||     6
       Scroll            |     9 |       ||     9
  Eat: Chunk             |     3 |     3 ||     6
Armor: Leather armour    |    22 |       ||    22
       Ring mail         |    41 |    17 ||    58
Dodge: Dodged            |   124 |    32 ||   156
